 Dungeon Crawl Stone Soup version 0.25-a0-200-g5ba96148f3 (console) character file.

Game seed: 5848638714810434112, levelgen mode: deterministic

1059 Kagalorn the Magician (level 8, -3/87 HPs)
             Began as a Gnoll Wizard on Dec 2, 2019.
             Slain by an orc warrior
             ... wielding a +0 broad axe
              (6 damage)
             ... on level 6 of the Dungeon.
             The game lasted 00:12:49 (4135 turns).

Kagalorn the Magician (Gnoll Wizard)                Turns: 4135, Time: 00:12:49

Health: -3/87      AC: 24    Str: 15    XL:     8   Next: 27%
Magic:  19/19      EV:  2    Int: 22    God:
Gold:   205        SH:  0    Dex: 14    Spells: 13/22 levels left

rFire    . . .     SeeInvis .   C - +6 hand axe {flame, rN+ Str+5}
rCold    . . .     Gourm    .   (no shield)
rNeg     + + +     Faith    .   (armour currently unavailable)
rPois    +         Spirit   .   (helmet currently unavailable)
rElec    .         Reflect  .   (cloak currently unavailable)
rCorr    .         Harm     .   (gloves currently unavailable)
MR       .....     NoTele   +   (boots currently unavailable)
Stlth    +.........             (no amulet)
HPRegen  0.24/turn              (no ring)
MPRegen  0.16/turn              (no ring)

@: confused, tree-form
A: distributed training, strong nose
a: no special abilities


You were on level 6 of the Dungeon.
You were not hungry.
You were a tree.
You visited 1 branch of the dungeon, and saw 6 of its levels.

You collected 205 gold pieces.

Inventory:

Hand Weapons
 g - a +2 dagger of venom
 m - a +0 hand axe of electrocution
 C - the +6 hand axe of Disaeseiby (weapon) {flame, rN+ Str+5}
   (You found it on level 5 of the Dungeon)

   It has been specially enchanted to burn those struck by it, causing extra
   injury to most foes and up to half again as much damage against particularly
   susceptible opponents.
   Big, fiery blades are also staple armaments of hydra-hunters.
   It affects your strength (+5).
   It protects you from negative energy.
Missiles
 f - 139 stones (quivered)
 s - 20 sling bullets
 u - 4 poisoned darts
 z - 23 arrows
Armour
 a - a +0 robe (melded)
 b - a +0 hat (melded)
 n - a +0 pair of boots (melded)
Jewellery
 y - a cursed -2 ring of evasion {unknown}
Wands
 p - a wand of polymorph (7)
 v - a wand of enslavement (7)
Scrolls
 c - a scroll of magic mapping {unknown}
 h - 2 scrolls of immolation
 k - 4 scrolls of fog {unknown}
 l - a scroll of enchant armour {unknown}
 r - a scroll of teleportation {unknown}
 t - 2 scrolls of remove curse
 x - 2 scrolls of enchant weapon
 A - a scroll of noise
Potions
 e - 2 potions of lignification
 j - a potion of cancellation {unknown}
 o - 2 potions of might {unknown}
 q - a potion of magic {unknown}
 w - 2 potions of mutation {unknown}
Comestibles
 d - 8 rations
 B - 2 chunks of flesh


   Skills:
 + Level 3.0 Fighting
 + Level 3.0 Short Blades
 + Level 3.0 Long Blades
 + Level 3.0 Axes
 + Level 3.0 Maces & Flails
 + Level 3.0 Polearms
 + Level 3.0 Staves
 + Level 3.0 Slings
 + Level 3.0 Bows
 + Level 3.0 Crossbows
 + Level 3.0 Throwing
 + Level 3.0 Armour
 + Level 5.5 Dodging
 + Level 5.2 Stealth
 + Level 3.0 Shields
 + Level 3.0 Unarmed Combat
 + Level 7.8 Spellcasting
 + Level 3.3 Conjurations
 + Level 2.4 Hexes
 + Level 2.4 Charms
 + Level 3.3 Summonings
 + Level 2.4 Necromancy
 + Level 3.3 Translocations
 + Level 2.4 Transmutations
 + Level 2.4 Fire Magic
 + Level 2.4 Ice Magic
 + Level 2.4 Air Magic
 + Level 2.4 Earth Magic
 + Level 2.4 Poison Magic
 + Level 3.3 Invocations
 + Level 3.0 Evocations


You had 13 spell levels left.
You knew the following spells:

 Your Spells              Type           Power        Failure   Level  Hunger
a - Magic Dart            Conj           ###.         1%          1    None
c - Conjure Flame         Conj/Fire      ###.....     7%          3    None
e - Mephitic Cloud        Conj/Pois/Air  ###.....     8%          3    None
g - Blink                 Tloc           N/A          3%          2    None

Your spell library contained the following spells:

 Spells                   Type           Power        Failure   Level  Hunger
 Apportation              Tloc           ###...       1%          1    None
 Summon Small Mammal      Summ           ###.         1%          1    None
 Animate Skeleton         Necr           N/A          2%          1    None
 Confusing Touch          Hex            ###...       2%          1    None
 Call Imp                 Summ           ###.....     3%          2    None
 Slow                     Hex            ###.....     4%          2    None


Dungeon Overview and Level Annotations

Branches:
Dungeon (6/15)
 Temple: D:4-7

Altars:
Zin

Shops:
D:4 *

Annotations:
D:4 3 runed translucent doors, qipq's ghost, amateur BaSk
D:5 Prince Ribbit


Innate Abilities, Weirdness & Mutations

Your experience applies equally to all skills.
((You have very sharp teeth.))
Your uncanny sense of smell can sniff out nearby items.


Message History

* * * LOW HITPOINT WARNING * * *
An orc warrior comes into view. It is wielding a +0 broad axe.
You nearly hit yourself!
The orc warrior shouts!
You hear a shout! x3
Something hits you but does no damage.
You hit something but do no damage. Something hits you but does no damage.
You hear some strange, mumbled words.
A magic dart appears from out of thin air!
The magic dart hits you but does no damage.
You slash something! You burn something.
Reactivating autopickup.
You feel a bit more experienced.
You nearly hit yourself!
An orc comes into view. It is wielding a +0 flail.
The orc warrior hits you with a +0 broad axe!
* * * LOW HITPOINT WARNING * * *
You hit the orc warrior but do no damage.
An orc wizard comes into view. It is wielding a +0 dagger.
The orc warrior hits you with a +0 broad axe.
You die...

#############
#...........#
#.....(...(.#
#####.♣......... ######
##.#.#)o<....... #.#.#.#
#.#.#.....#.#.#+#.#.#.#.
##.#.#.#o#.#.#.#.#.#.#.#
#.#(#o#.#.#.#.#/#.#.#.#.
####.#.#.#.#.#.#.#.#.#.#.#
#...#.#.#.#.#.#.#.#.#.#.#.
#...'#.#.#.#.#.#.#.#.#.#.#
#...#.#.#.#.#.#.#.#.#.#.#.


You could see an orc warrior, an orc wizard and an orc.

Vanquished Creatures
  A sky beast (D:6)
  Blork the orc (D:4)
  3 scorpions
  A howler monkey (D:4)
  A crimson imp (D:6)
  2 hounds
  An orc priest (D:3)
  A bullfrog skeleton (D:6)
  3 orc wizards
  Natasha (thrice) (D:3 D:2)
  Ijyb (D:3)
  2 iguanas (D:4)
  4 worker ants
  8 adders
  7 gnolls
  A shadow imp (D:6)
  An ooze (D:3)
  An adder zombie (D:6)
  A worm (D:3)
  2 leopard geckos (D:1)
  11 orcs
  5 giant cockroaches
  7 goblins
  8 hobgoblins
  3 jackals (D:1)
  2 ball pythons
  2 bats
  A frilled lizard (D:4)
  A jackal zombie (D:6)
  8 kobolds
  4 rats
  A plant (D:2)
  A toadstool (D:1)
99 creatures vanquished.

Vanquished Creatures (others)
  2 fungi (D:4)
  2 plants (D:4)
  3 toadstools (D:1)
7 creatures vanquished.

Grand Total: 106 creatures vanquished

Notes
Turn   | Place    | Note
-------+----------+-------------------------------------------
     0 | D:1      | Kagalorn the Gnoll Wizard began the quest for the Orb.
     0 | D:1      | Reached XP level 1. HP: 13/13 MP: 8/8
   276 | D:1      | Reached XP level 2. HP: 19/19 MP: 7/10
   475 | D:1      | You fall into a shaft and drop 1 floor!
   612 | D:1      | Reached XP level 3. HP: 25/25 MP: 4/11
   795 | D:2      | Learned a level 2 spell: Blink
   799 | D:2      | Learned a level 3 spell: Conjure Flame
   803 | D:2      | Learned a level 3 spell: Mephitic Cloud
   828 | D:2      | Found a glowing silver altar of Zin.
  1264 | D:3      | Reached skill level 1 in Invocations
  1294 | D:3      | Noticed Natasha
  1304 | D:3      | Killed Natasha
  1304 | D:3      | Reached skill level 1 in Fighting
  1304 | D:3      | Reached skill level 1 in Short Blades
  1304 | D:3      | Reached skill level 1 in Long Blades
  1304 | D:3      | Reached skill level 1 in Axes
  1304 | D:3      | Reached skill level 1 in Maces & Flails
  1304 | D:3      | Reached skill level 1 in Polearms
  1304 | D:3      | Reached skill level 1 in Staves
  1304 | D:3      | Reached skill level 1 in Slings
  1304 | D:3      | Reached skill level 1 in Bows
  1304 | D:3      | Reached skill level 1 in Crossbows
  1304 | D:3      | Reached skill level 1 in Throwing
  1304 | D:3      | Reached skill level 1 in Armour
  1304 | D:3      | Reached skill level 1 in Shields
  1304 | D:3      | Reached skill level 1 in Unarmed Combat
  1304 | D:3      | Reached skill level 1 in Evocations
  1304 | D:3      | Reached XP level 4. HP: 17/32 MP: 9/13
  1358 | D:3      | Noticed Ijyb
  1377 | D:3      | Killed Ijyb
  1377 | D:3      | Reached skill level 1 in Hexes
  1377 | D:3      | Reached skill level 1 in Charms
  1377 | D:3      | Reached skill level 1 in Necromancy
  1377 | D:3      | Reached skill level 1 in Transmutations
  1377 | D:3      | Reached skill level 1 in Fire Magic
  1377 | D:3      | Reached skill level 1 in Ice Magic
  1377 | D:3      | Reached skill level 1 in Air Magic
  1377 | D:3      | Reached skill level 1 in Earth Magic
  1377 | D:3      | Reached skill level 1 in Poison Magic
  1534 | D:3      | Reached XP level 5. HP: 37/37 MP: 4/14
  1682 | D:3      | Noticed Natasha
  1691 | D:2      | Killed Natasha
  1829 | D:2      | Noticed Natasha
  1839 | D:2      | Killed Natasha
  2355 | D:3      | Reached XP level 6. HP: 34/44 MP: 13/16
  2541 | D:4      | Reached skill level 5 in Dodging
  2834 | D:4      | Noticed a slave
  2851 | D:4      | Found Xetamiel's Lightly-Used Armoury.
  2861 | D:4      | Reached XP level 7. HP: 41/50 MP: 14/18
  3206 | D:4      | Found a runed translucent gate.
  3207 | D:4      | Found a runed translucent gate.
  3208 | D:4      | Found a runed translucent gate.
  3208 | D:4      | Identified the cursed +1 whip of Symmetry {venom, *Drain
                  | rF++ MR+++ Int+4}
  3209 | D:4      | Noticed qipq's ghost (amateur BaSk)
  3430 | D:4      | Noticed Blork the orc
  3594 | D:4      | Killed Blork the orc
  3772 | D:4      | You fall into a shaft and drop 2 floors!
  3856 | D:6      | Reached skill level 5 in Stealth
  3896 | D:5      | Entered Level 5 of the Dungeon
  3962 | D:5      | Reached XP level 8. HP: 8/57 MP: 0/19
  3998 | D:5      | Noticed Prince Ribbit
  4067 | D:5      | Got a blackened hand axe
  4068 | D:5      | Identified the +6 hand axe of Disaeseiby {flame, rN+ Str+5}
                  | (You found it on level 5 of the Dungeon)
  4101 | D:5      | You fall into a shaft and drop 1 floor!
  4134 | D:6      | HP: 3/87 [orc warrior/+0 broad axe (10)]
  4135 | D:6      | Slain by an orc warrior

Levels and vault maps discovered:
D:1:      ldierk_water_garden, layout_loops_ring
D:2:      layout_rooms, nicolae_overflow_hidden_temple, first_ration,
          serial_forest, infiniplex_forest_lined_2,
          infiniplex_forest_clump_curved, infiniplex_forest_lined_1,
          infiniplex_forest_lined_room_2, infiniplex_forest_lined_2,
          infiniplex_forest_lined_1, infiniplex_forest_clump_curved
D:3:      layout_loops_ring, uniq_natasha, uniq_ijyb
D:4:      layout_basic, gammafunk_ghost_nasty_kobolds, minmay_shop_damaged,
          kennysheep_generic_room_11, uniq_pikel, uniq_blork_the_orc
D:5:      layout_rooms, nicolae_ashenzari_panopticon,
          cheibrodos_sewer_entry_bend, minmay_shop_grid_forest, uniq_menkaure,
          uniq_prince_ribbit1
D:6:      layout_basic, minmay_temple_entry_junction_2, serial_shops, shop

Skill      XL: |  1  2  3  4  5  6  7  8 |
---------------+-------------------------+-----
Conjurations   | 2 3 |  3.3
Summonings     | 2 3 |  3.3
Translocations | 2 3 |  3.3
Invocations    | 1 2 3 |  3.3
Fighting       | 1 2 3 |  3.0
Short Blades   | 1 2 3 |  3.0
Long Blades    | 1 2 3 |  3.0
Axes           | 1 2 3 |  3.0
Maces & Flails | 1 2 3 |  3.0
Polearms       | 1 2 3 |  3.0
Staves         | 1 2 3 |  3.0
Slings         | 1 2 3 |  3.0
Bows           | 1 2 3 |  3.0
Crossbows      | 1 2 3 |  3.0
Throwing       | 1 2 3 |  3.0
Armour         | 1 2 3 |  3.0
Shields        | 1 2 3 |  3.0
Unarmed Combat | 1 2 3 |  3.0
Evocations     | 1 2 3 |  3.0
Hexes          | 1 2 |  2.4
Charms         | 1 2 |  2.4
Necromancy     | 1 2 |  2.4
Transmutations | 1 2 |  2.4
Fire Magic     | 1 2 |  2.4
Ice Magic      | 1 2 |  2.4
Air Magic      | 1 2 |  2.4
Earth Magic    | 1 2 |  2.4
Poison Magic   | 1 2 |  2.4
Dodging        | 5 |  5.5
Stealth        | 5 |  5.2
Spellcasting   | |  7.8

Action                   |  1- 3 |  4- 6 |  7- 9 || total
-------------------------+-------+-------+-------++-------
Melee: Unarmed           |     5 |       |       ||     5
       Dagger            |    17 |   101 |    37 ||   155
       Bite              |     2 |    18 |     2 ||    22
       Punch             |       |     1 |     1 ||     2
       Hand axe          |       |       |     9 ||     9
 Cast: Magic Dart        |    63 |   113 |    86 ||   262
       Mephitic Cloud    |       |     2 |     4 ||     6
       Conjure Flame     |       |       |     1 ||     1
  Use: Scroll            |       |       |     4 ||     4
       Potion            |       |       |     1 ||     1
 Stab: Sleeping          |     5 |       |       ||     5
       Confused          |       |     1 |       ||     1
  Eat: Chunk             |     1 |     5 |     4 ||    10
Armor: Robe              |     4 |     9 |     9 ||    22
       Skin              |       |       |    11 ||    11
Dodge: Dodged            |    27 |    71 |    54 ||   152

Table legend:
 A = Non-vault XP
 B = Vault XP
 C = Vault XP percentage of total XP
 D = Non-vault monster count
 E = Vault monster count
 F = Vault count percentage of total count
                 A         B        C        D         E       F
            +---------+---------+-------+---------+---------+-------
      Total |    1349 |     165 |  10.9 |      94 |       3 |   3.1
            +---------+---------+-------+---------+---------+-------
        D:1 |      35 |       0 |   0.0 |      19 |       0 |   0.0
        D:2 |      89 |       0 |   0.0 |       6 |       0 |   0.0
        D:3 |     159 |      71 |  30.9 |      28 |       2 |   6.7
        D:4 |     477 |      94 |  16.5 |      22 |       1 |   4.3
        D:5 |     193 |       0 |   0.0 |       7 |       0 |   0.0
        D:6 |     396 |       0 |   0.0 |      12 |       0 |   0.0
            +---------+---------+-------+---------+---------+-------
